 Dungeon Crawl Stone Soup version 0.20.1-1-g8b1a95d (webtiles) character file.

38 MovingMist the Skirmisher (level 3, 0/24 HPs)
             Began as a Gargoyle Fighter on Nov 11, 2017.
             Slain by a gnoll
             ... wielding a +0 whip
              (5 damage)
             ... on level 1 of the Dungeon.
             The game lasted 00:03:14 (775 turns).

MovingMist the Skirmisher (Gargoyle Fighter)         Turns: 775, Time: 00:03:14

Health: 0/24       AC: 11    Str: 19    XL:     3   Next: 43%
Magic:  3/3        EV:  7    Int:  8    God:
Gold:   65         SH:  9    Dex: 10    Spells: 2/2 levels left

rFire    . . .     SeeInvis .   a - +0 flail
rCold    . . .     Gourm    .   c - +0 shield
rNeg     + . .     Faith    .   b - +0 scale mail
rPois    ∞         Spirit   .   (no helmet)
rElec    +         Reflect  .   (no cloak)
rCorr    .         Harm     .   (no gloves)
MR       .....                  l - +0 pair of boots
Stlth    ..........             (no amulet)
Regen    0.1/turn               (no ring)
MPRegen  0.1/turn               (no ring)

@: no status effects
A: negative energy resistance 1, electricity resistance, unbreathing,
petrification resistance, rot immunity, AC +3
a: no special abilities


You were on level 1 of the Dungeon.
You were not hungry.

You visited 1 branch of the dungeon, and saw 2 of its levels.

You collected 65 gold pieces.

Inventory:

Hand Weapons
 a - a +0 flail (weapon)
Armour
 b - a +0 scale mail (worn)
 c - a +0 shield (worn)
 l - a +0 pair of boots (worn)
Jewellery
 p - a +2 ring of intelligence {unknown}
Scrolls
 h - a scroll of teleportation {unknown}
 i - a scroll of random uselessness {unknown}
 j - 2 scrolls of noise {unknown}
 m - 2 scrolls of identify {unknown}
 n - a scroll of enchant weapon {unknown}
Potions
 d - a potion of might
 e - 2 potions of invisibility {unknown}
 k - a potion of berserk rage {unknown}
 o - a potion of haste {unknown}
Comestibles
 f - a bread ration


   Skills:
 + Level 3.8 Fighting
 + Level 2.5 Maces & Flails
 + Level 3.5 Armour
 * Level 1.1 Dodging
 - Level 3.2 Shields


You had 2 spell levels left.
You didn't know any spells.

Dungeon Overview and Level Annotations

Branches:
Dungeon (2/15)

Altars:


Innate Abilities, Weirdness & Mutations

You are resistant to torment.
Your stone body is resilient. (AC +3)
You are immune to poison.
You resist negative energy. (rN+)
You are resistant to electric shocks. (rElec)
You can survive without breathing.
You are immune to petrification.
You are immune to rotting.


Message History

The gnoll hits you.
* * * LOW HITPOINT WARNING * * *
You barely miss the gnoll. The gnoll hits you.
* * * LOW HITPOINT WARNING * * *
The hobgoblin closely misses you. You block the hobgoblin's attack.
You closely miss the gnoll.
The gnoll is lightly wounded.
You block the hobgoblin's attack. The gnoll closely misses you.
You closely miss the gnoll.
The gnoll is lightly wounded.
You block the hobgoblin's attack. The gnoll closely misses you.
You closely miss the gnoll.
The gnoll is lightly wounded.
The gnoll barely misses you.
The hobgoblin hits you but does no damage.
You closely miss the gnoll.
The gnoll is lightly wounded.
The gnoll barely misses you. You block the hobgoblin's attack.
The gnoll hits you with a whip.
You die...

#.# #≈##≈#≈##### #.#
#≈≈≈#≈#≈.'.# #.#
##########.# #.#
#.####.# #.## #......#
#..# #####.##.### ##.#
##......#.# #.#
##.#.##..#.# #.#
#@###....#.####### #.#
#gg#.###.......... #.#
#g...# ###.####### #.#
#..#.# #.# #.# #..>.#
##.## #.#
#.#.#####...###### #.#
#.#.##....#....... #.#
#.#.##.##...##..##
#.####.#.##.###.###..#


You could see 2 gnolls and a hobgoblin.

Vanquished Creatures
  A gnoll (D:1)
  A worm (D:2)
  3 dart slugs
  2 bats (D:1)
  4 goblins
  3 hobgoblins (D:1)
  3 kobolds (D:1)
  A ball python (D:1)
  A rat (D:1)
19 creatures vanquished.

Notes
Turn   | Place    | Note
-------+----------+-------------------------------------------
     0 | D:1      | MovingMist the Gargoyle Fighter began the quest for the Orb.
     0 | D:1      | Reached XP level 1. HP: 14/14 MP: 1/1
   114 | D:1      | Reached XP level 2. HP: 19/19 MP: 2/2
   323 | D:1      | Reached skill level 1 in Dodging
   323 | D:1      | Reached XP level 3. HP: 22/23 MP: 3/3
   775 | D:1      | Slain by a gnoll

Skill      XL: |  1  2 |
---------------+-------+-----
Dodging        | 1 |  1.1
Fighting       | |  3.8
Maces & Flails | |  2.5
Armour         | |  3.5
Shields        | |  3.2

Action                   || total
-------------------------++-------
Melee: Flail             ||   101
Armor: Scale mail        ||    57
Dodge: Dodged            ||    40
Block: Shield            ||    61
